 Dungeon Crawl Stone Soup version 0.31-a0-233-g139696dc86 (webtiles) character file.

Game seed: 11907501411773490541

331 Shard1697 the Insei (level 6, -1/47 HPs)
             Began as a Djinni Transmuter on July 9, 2023.
             Slain by Pikel
             ... wielding a +0 whip of freezing
              (12 damage)
             ... on level 4 of the Dungeon.
             The game lasted 00:05:48 (3733 turns).

Shard1697 the Insei (Djinni Transmuter)             Turns: 3733, Time: 00:05:48

Health: -1/47      AC:  2    Str:  9    XL:     6   Next: 81%
Gold:   151        EV: 19    Int: 17    God:
                   SH:  0    Dex: 18

rFire   . .          .
                       - Unarmed
rCold   + . .        (shield currently unavailable)
rNeg    . . .        a - melded +0 robe
rPois   ∞            (helmet currently unavailable)
rElec   .            (cloak currently unavailable)
rCorr   .            (gloves currently unavailable)
SInv    .            (boots unavailable)
Will    .....        (no amulet)
Stlth   ++           i - ring of protection from cold
HPRegen 0.27/turn    (no ring)
MPRegen 0.00/turn

%: infuse magic (-2 HP)
@: spider-form, flying
A: venomous fangs, flying, sickness immunity, tiny, (fire resistance 2), (cold
vulnerability 1), float, innate caster, HP casting, extra vitality 1
a: End Transformation


You were on level 4 of the Dungeon.
You were a venomous arachnid creature.
You visited 1 branch of the dungeon, and saw 4 of its levels.

You collected 151 gold pieces.

Inventory:

Hand Weapons
 r - the +7 scimitar "Ecoizem" {pain, MP+9}
   (You found it on level 4 of the Dungeon)

   MP:        It affects your magic capacity (+9).
Armour
 a - a +0 robe (melded)
Jewellery
 i - a ring of protection from cold (left front pincers)
Scrolls
 b - a scroll of silence {unknown}
 e - a scroll of vulnerability {unknown}
 g - a scroll of blinking {unknown}
 j - 2 scrolls of identify {unknown}
 l - a scroll of immolation {unknown}
 o - a scroll of revelation {unknown}
 p - a scroll of fear {unknown}
Potions
 c - a potion of magic {unknown}
 d - 2 potions of attraction {unknown}
 f - 7 potions of curing {unknown}
 h - a potion of degeneration {unknown}
 k - a potion of might {unknown}
 m - 2 potions of berserk rage {unknown}
 n - a potion of cancellation {unknown}
 q - a potion of haste
 s - a potion of brilliance {unknown}


   Skills:
 + Level 3.8 Fighting
 - Level 2.1 Dodging
 + Level 4.8 Unarmed Combat
 + Level 3.3 Spellcasting
 + Level 3.3 Conjurations
 + Level 3.3 Hexes
   Level 0.0 Charms
 + Level 3.3 Summonings
 + Level 3.3 Necromancy
 + Level 3.3 Translocations
 + Level 3.3 Transmutations
 + Level 3.3 Fire Magic
 + Level 3.3 Ice Magic
 + Level 3.3 Air Magic
 + Level 3.3 Earth Magic
 + Level 3.3 Poison Magic


You knew the following spells:

 Your Spells              Type           Power      Damage    Failure   Level
a - Beastly Appendage     Tmut           28%        N/A       13%         1
b - Wereblood             Tmut           14%        N/A       19%         2
c - Spider Form           Tmut/Pois      14%        N/A       30%         3
d - Ice Form              Ice/Tmut       14%        N/A       63%         4
e - Slow                  Hex            56%        N/A       13%         1
f - Poisonous Vapours     Pois/Air       28%        N/A       19%         2
Your spell library was empty.

Dungeon Overview and Level Annotations

Branches:
Dungeon (4/15)
 Temple: D:4-7

Altars:
Ashenzari
Nemelex Xobeh
Trog
Uskayaw
Yredelemnul

Annotations:
D:4 Pikel


Innate Abilities, Weirdness & Mutations

You are a venomous arachnid creature.
You have venomous fangs.
You are tiny and dextrous.
You are flying.
Your spellcasting is less reliable in this form.
Your armour is entirely melded.
You are incapable of wielding weapons or throwing items.
You are immune to sickness and miasma.
You are immune to poison.
((Your flesh is very heat resistant. (rF++)))
((You are vulnerable to cold. (rC-)))
You float through the air rather than walking.
You learn spells naturally, not from books.
Your magical power is your life essence.
You have superior vitality. (+4 MHP)


Message History

The lemure misses you.
You hit the lemure.
The lemure is heavily wounded.
The lemure closely misses you.
You hit the lemure but do no damage.
The lemure looks as sick as possible!
The lemure is severely wounded.
Your transformation has ended.
Your +0 robe unmelds from your body.
The lemure barely misses you.
Casting: Spider Form (dangerous; 13% risk of failure)
Confirm with . or Enter, or press ? or * to list all spells.
You turn into a venomous arachnid creature.
Your +0 robe melds into your body.
The lemure completely misses you.
You hit the lemure.
The lemure looks as sick as possible!
The lemure is severely wounded.
You hit the lemure.
The lemure looks as sick as possible!
The lemure is almost dead.
You kill the lemure!
That felt strangely unrewarding.
You hit Pikel but do no damage.
Pikel is poisoned.
Pikel hits you with a +0 whip of freezing.
You closely miss Pikel.
Pikel says, "You'll feel the lick of my whip!"
Pikel closely misses you.
You hit Pikel.
Pikel looks as sick as possible!
Pikel is lightly wounded.
Pikel says, "All the lords of Hell know my name!"
Pikel completely misses you.
You hit Pikel but do no damage.
Pikel looks as sick as possible!
Pikel is lightly wounded.
Pikel hits you with a +0 whip of freezing!
Pikel freezes you.
* * * LOW HITPOINT WARNING * * *
You hit Pikel but do no damage.
Pikel looks as sick as possible!
Pikel is lightly wounded.
Pikel hits you with a +0 whip of freezing.
* * * LOW HITPOINT WARNING * * *
You hit Pikel.
Pikel looks as sick as possible!
Pikel is heavily wounded.
Pikel hits you with a +0 whip of freezing!
You die...

#.####.................#
#..............#.#######
######[##........#
#.........###
#.###.....# #.# #.....#
#.# #....## #.###.##.###
#..sK5.....#
#####.####.######
#.####......#
#5..###.###.#
###'###+###'###
.#...)...#..#
.5#.......#..#
+..+###+###'..+ #5.
+...+.#..#


You could see Pikel (extremely poisoned) and a lemure.

Vanquished Creatures
  Grinder (D:4)
  3 lemures (D:4)
  A scorpion zombie (D:3)
  A hound zombie (D:3)
  An adder (D:3)
  An ufetubus (D:4)
  3 worms (D:2)
  3 dart slugs
  7 ball pythons
  2 bats (D:1)
  6 endoplasms
  3 giant cockroaches
  5 goblins
  4 hobgoblins
  11 jackals
  2 quokkas
  A ball python zombie (D:3)
  4 frilled lizards
  3 kobolds
  4 rats
66 creatures vanquished.

Notes
Turn   | Place    | Note
-------+----------+-------------------------------------------
     0 | D:1      | Shard1697 the Djinni Transmuter began the quest for the
                  | Orb.
     0 | D:1      | Shard1697 set off with the following spells memorised:
                  | Beastly Appendage, Wereblood, Spider Form, Ice Form.
     0 | D:1      | Reached XP level 1. HP: 17/17 MP: 0/0
   281 | D:1      | Reached XP level 2. HP: 17/22 MP: 0/0
   965 | D:2      | Reached XP level 3. HP: 25/27 MP: 0/0
   965 | D:2      | Learned a level 1 spell: Slow
  1467 | D:2      | Reached XP level 4. HP: 33/33 MP: 0/0
  2020 | D:3      | Found a broken altar of Ashenzari.
  2161 | D:3      | Found a sparkling altar of Nemelex Xobeh.
  2350 | D:3      | Found a basalt altar of Yredelemnul.
  2413 | D:3      | Reached skill level 4 in Unarmed Combat
  2413 | D:3      | Reached XP level 5. HP: 18/40 MP: 0/0
  2413 | D:3      | Learned a level 2 spell: Poisonous Vapours
  2785 | D:4      | Found a hide-covered altar of Uskayaw.
  2795 | D:4      | Identified the +7 scimitar "Ecoizem" {pain, MP+9}
  3087 | D:4      | Noticed Grinder
  3419 | D:4      | Found a bloodstained altar of Trog.
  3447 | D:4      | Paralysed by Grinder for 3 turns
  3459 | D:4      | Paralysed by Grinder for 4 turns
  3479 | D:4      | Paralysed by Grinder for 5 turns
  3486 | D:4      | Killed Grinder
  3487 | D:4      | Reached XP level 6. HP: 28/47 MP: 0/0
  3699 | D:4      | Noticed Pikel
  3733 | D:4      | Slain by Pikel

Illustrated notes

Levels and vault maps discovered:
D:1:      minmay_arrival_radiant_lines, layout_loops_corners
D:2:      layout_basic, kennysheep_pointless_box
D:3:      layout_rooms, evilmike_ruin_ashenzari,
          nicolae_yredelemnul_corpse_copse, mainiacjoe_overflow_surrounded_room
D:4:      layout_loops_corners, mainiacjoe_overflow_24_doors,
          eat_drink_and_be_merry_uskayaw, st_stairs_5, uniq_pikel, uniq_grinder

Skill      XL: |  1  2  3  4  5 |
---------------+----------------+-----
Fighting       | 2 3 |  3.8
Unarmed Combat | 4 |  4.8
Spellcasting   | 3 |  3.3
Conjurations   | 3 |  3.3
Hexes          | 3 |  3.3
Summonings     | 3 |  3.3
Necromancy     | 3 |  3.3
Translocations | 3 |  3.3
Transmutations | 3 |  3.3
Fire Magic     | 3 |  3.3
Ice Magic      | 3 |  3.3
Air Magic      | 3 |  3.3
Earth Magic    | 3 |  3.3
Poison Magic   | 3 |  3.3
Dodging        | |  2.1

Action                     |  1- 3 |  4- 6 || total
---------------------------+-------+-------++-------
  Melee: Unarmed           |   142 |   160 ||   302
         Headbutt          |    30 |    17 ||    47
         Punch             |     4 |     5 ||     9
   Cast: Beastly Appendage |    22 |    19 ||    41
         Slow              |     5 |     2 ||     7
         Wereblood         |     2 |       ||     2
         Spider Form       |       |     3 ||     3
    Use: Potion            |       |     1 ||     1
 Armour: Robe              |    12 |    14 ||    26
         Skin              |       |    10 ||    10
  Dodge: Dodged            |    73 |    91 ||   164

Table legend: (Time is in decaauts)
 A = Elapsed time spent in this place.
 B = Non-inter-level travel time spent in this place.
 C = Inter-level travel time spent in this place.
 D = Time resting spent in this place.
 E = Time spent auto-exploring this place.
 F = Levels seen in this place.
 G = Mean time per level.
                   A        B        C        D        E       F      G
               +--------+--------+--------+--------+--------+-----+--------+
         Total |   3711 |   3540 |    171 |    404 |   2355 |   4 |  927.8 |
       Dungeon |   3711 |   3540 |    171 |    404 |   2355 |   4 |  927.8 |
               +--------+--------+--------+--------+--------+-----+--------+

Top non-repeatable levels by time:
     D:2: 1032 daAuts
     D:1: 932 daAuts
     D:4: 896 daAuts
     D:3: 850 daAuts
